 Dungeon Crawl Stone Soup version 0.31-a0-1178-gc5c9b8f871 (webtiles) character file.

Game seed: 6034134884702693155

685 qw the Shooter (level 7, -5/64 HPs)
             Began as a Gargoyle Hunter on Dec 11, 2023.
             Was a Follower of Okawaru.
             Slain by Duvessa
             ... wielding a +0 short sword
              (8 damage)
             ... on level 5 of the Dungeon.
             The game lasted 00:01:47 (4110 turns).

qw the Shooter (Gargoyle Hunter)                    Turns: 4110, Time: 00:01:47

Health: -5/64      AC: 23    Str: 15    XL:     7   Next: 62%
Magic:  8/8        EV:  2    Int:  9    God:    Okawaru [*.....]
Gold:   303        SH:  0    Dex: 15    Spells: 6/6 levels left

rFire   . . .        a - +0 shortbow (freeze)
rCold   . . .        (shield currently unavailable)
rNeg    + . .        b - melded +0 ring mail
rPois   inf          (helmet currently unavailable)
rElec   .            e - melded +2 cloak
rCorr   .            j - melded +0 pair of gloves
SInv    .            c - melded +0 pair of boots
Will    +....        (no amulet)
Stlth   ++           (no ring)
HPRegen 0.30/turn    (no ring)
MPRegen 0.11/turn

%: no passive effects
@: mighty, brilliant, tree-form, enlightened
A: stationary, stasis, torment immunity, boosted hp, sickness immunity, AC +4,
negative energy resistance 1, (electricity resistance), torment resistance 1,
petrification resistance, (iridescent scales 1), subdued magic 1
a: Renounce Religion, Heroism


You were on level 5 of the Dungeon.
You worshipped Okawaru.
Okawaru was aware of your devotion.
You were a tree.
You visited 2 branches of the dungeon, and saw 6 of its levels.

You collected 303 gold pieces.


Innate Abilities, Weirdness & Mutations

You are a tree.
Your roots penetrate the ground, keeping you stationary.
You cannot be teleported.
You are immune to unholy pain and torment.
Your maximum health is greatly increased.
Your equipment is partially melded.
You are immune to sickness and miasma.
((Your stone body is resilient. (AC +4)))
You are immune to poison.
You resist negative energy. (rN+)
((You are resistant to electric shocks. (rElec)))
You are resistant to unholy torment.
You are immune to petrification.
((You are partially covered in iridescent scales. (AC +2)))
Your spells are a little easier to cast, but a little less powerful.


   Skills:
 - Level 4.1 Fighting
 + Level 7.6 Ranged Weapons
 - Level 2.6 Armour
 - Level 1.5 Dodging
 - Level 1.1 Stealth
 + Level 2.3 Invocations


You had 6 spell levels left.
You didn't know any spells.
Your spell library was empty.

Inventory:

Hand Weapons
 a - a +0 shortbow of freezing (weapon)
Armour
 b - a +0 ring mail (melded)
 c - a +0 pair of boots (melded)
 e - a +2 cloak (melded)
 j - a +0 pair of gloves (melded)
Wands
 d - a wand of iceblast (9)
 p - a wand of mindburst (8)
Scrolls
 f - 2 scrolls of identify
 g - a scroll of immolation {unknown}
Potions
 n - 2 potions of haste
 o - a potion of attraction {unknown}
 r - a potion of ambrosia {unknown}

Dungeon Overview and Level Annotations

Branches:
Dungeon (5/15)             Temple (1/1) D:4

Altars:
Dithmenos
Elyvilon
Fedhas
Hepliaklqana
Kikubaaqudgha
Okawaru
Sif Muna
Trog
Vehumet
Wu Jian
Xom
Zin

Annotations:
D:4 1 runed translucent door, Crazy Yiuf
D:5 Dowan, Duvessa


Message History

Enter note: You shoot an arrow.
The arrow closely misses Duvessa.
Duvessa hits you but does no damage. Dowan hits you but does no damage.
You shoot an arrow. The arrow closely misses Duvessa.
Duvessa completely misses you.
Dowan gestures wildly while chanting.
Dowan blinks!
Duvessa hits you but does no damage.
You shoot an arrow. The arrow hits Duvessa.
The arrow freezes Duvessa.
Duvessa is heavily wounded.
Duvessa hits you but does no damage.
You shoot an arrow. The arrow hits Duvessa!
The arrow freezes Duvessa.
Duvessa is severely wounded.
Duvessa barely misses you. x2
You shoot an arrow. The arrow hits Duvessa!
The arrow freezes Duvessa.
Duvessa is almost dead.
Duvessa hits you with a +0 short sword. x2
4106 ||| DRINKING clear potion.
It was a potion of mutation.
You feel extremely strange.
Your connection to magic feels subdued.
Iridescent scales grow over part of your body.
Duvessa barely misses you. Dowan completely misses you.
4107 ||| DRINKING sapphire potion.
It was a potion of might.
You feel very mighty all of a sudden. Duvessa barely misses you.
Dowan mumbles some strange words.
Dowan blinks!
Duvessa hits you with a +0 short sword.
4108 ||| DRINKING grey potion.
It was a potion of enlightenment.
You feel very buoyant.
You fly up into the air.
Duvessa hits you but does no damage.
4109 ||| DRINKING lumpy orange potion.
It was a potion of lignification.
You turn into a tree.
Your +2 cloak melds into your body.
Your +0 pair of gloves melds into your body.
Your +0 pair of boots melds into your body.
Your +0 ring mail melds into your body.
Your roots penetrate the ground.
Duvessa hits you but does no damage. x2
4110 ||| DRINKING murky inky potion.
It was a potion of brilliance.
You feel clever all of a sudden. Duvessa hits you with a +0 short sword!
You die...

.# ......
.###.....
........
[..... #....
#[e. #)e#
#7########
#.........
##.........
####..#####...
#.....##
#...#..#
#####..##
###....[##
#........#


You could see Duvessa (fast) and Dowan.

Vanquished Creatures
  A water moccasin (D:5)
  A phantom (D:5)
  2 scorpions (D:4)
  A hound (D:4)
  An iguana (D:5)
  An orc priest (D:4)
  2 orc wizards (D:4)
  Terence (D:3)
  7 adders
  3 gnolls (D:4)
  2 worms
  3 dart slugs
  14 orcs
  7 bats
  15 endoplasms
  4 giant cockroaches
  11 goblins
  7 hobgoblins
  9 jackals
  7 kobolds
  A quokka (D:3)
  6 ball pythons
  2 frilled lizards
  5 rats
113 creatures vanquished.

Notes
Turn   | Place    | Note
-------+----------+-------------------------------------------
     0 | D:1      | qw the Gargoyle Hunter began the quest for the Orb.
     0 | D:1      | Reached XP level 1. HP: 12/12 MP: 1/1
     0 | D:1      | 0 ||| qw: Version: 0.3-a-106-g2cfff9e
     0 | D:1      | 0 ||| qw: Game counter: 2004
     0 | D:1      | 0 ||| qw: Melee chars always use a shield: true
     0 | D:1      | 0 ||| qw: God list: Okawaru
     0 | D:1      | 0 ||| qw: Allow faded altars: false
     0 | D:1      | 0 ||| qw: Do Orc after clearing Dungeon:15 true
     0 | D:1      | 0 ||| qw: Do second Lair branch before Depths: true
     0 | D:1      | 0 ||| qw: Lair rune preference: random
     0 | D:1      | 0 ||| qw: Goals: Normal, Save, Zot:1-4, Win
     0 | D:1      | 0 ||| PLANNING D:1-11
    46 | D:1      | Reached XP level 2. HP: 16/17 MP: 2/2
   217 | D:1      | Reached XP level 3. HP: 21/21 MP: 3/3
   230 | D:1      | Reached skill level 5 in Ranged Weapons
   371 | D:1      | 371 ||| DROPPING ring of flight.
   372 | D:1      | 372 ||| READING scroll labelled ZADAF CAIDDUHEKH.
   373 | D:1      | 373 ||| READING scroll labelled PIKAGEUHAEC.
   374 | D:1      | 374 ||| READING scroll labelled ZAMNIU QETUVOK.
   374 | D:1      | 374 ||| IDENTIFYING scroll labelled MUTZUL ONLAFO
   375 | D:1      | 375 ||| READING scroll of brand weapon.
   375 | D:1      | 375 ||| BRANDING +0 shortbow.
   376 | D:1      | 376 ||| DROPPING scroll of butterflies.
   587 | D:2      | HP: 5/22 [adder (1)]
   591 | D:2      | Reached skill level 3 in Fighting
   706 | D:2      | Reached XP level 4. HP: 28/28 MP: 4/4
  1399 | D:2      | 1399 ||| UPGRADING to +0 ring mail.
  1409 | D:2      | 1409 ||| DROPPING +0 leather armour.
  1410 | D:2      | 1410 ||| UPGRADING to +0 cloak.
  1490 | D:3      | Identified the +3 chain mail of Suziw {Int+4}
  1659 | D:3      | Reached skill level 1 in Armour
  1715 | D:3      | Found a radiant altar of Vehumet.
  1832 | D:3      | Reached XP level 5. HP: 32/32 MP: 5/5
  1872 | D:3      | Noticed Terence
  1874 | D:3      | Killed Terence
  2282 | D:3      | Found an ornate altar of the Wu Jian Council.
  2397 | D:3      | 2397 ||| UPGRADING to +0 pair of boots.
  2402 | D:3      | 2402 ||| UPGRADING to +0 pair of gloves.
  2407 | D:3      | 2407 ||| READING 2 scrolls of identify.
  2407 | D:3      | 2407 ||| IDENTIFYING viscous purple potion
  2408 | D:3      | 2408 ||| READING scroll of identify.
  2408 | D:3      | 2408 ||| IDENTIFYING coppery potion
  2409 | D:3      | 2409 ||| READING scroll labelled ABLEQISMUF.
  2410 | D:3      | 2410 ||| READING scroll labelled GINAEVUSUMM.
  2411 | D:3      | 2411 ||| DRINKING 2 amethyst potions.
  2412 | D:3      | 2412 ||| DROPPING potion of degeneration.
  2413 | D:3      | 2413 ||| DROPPING potion of berserk rage.
  2445 | D:4      | Reached skill level 6 in Ranged Weapons
  2445 | D:4      | 2445 ||| STAIRDANCE
  2481 | D:4      | Reached XP level 6. HP: 37/37 MP: 6/6
  2603 | D:4      | Found a staircase to the Ecumenical Temple.
  2604 | D:4      | 2604 ||| PLANNING TEMPLE
  2604 | D:4      | 2604 ||| UPGRADING to +2 cloak.
  2614 | D:4      | 2614 ||| DROPPING +0 cloak.
  2623 | Temple   | Entered the Ecumenical Temple
  2624 | Temple   | 2624 ||| PLANNING OKAWARU WORSHIP
  2627 | Temple   | Became a worshipper of Warmaster Okawaru
  2628 | Temple   | 2628 ||| PLANNING D:1-11
  2689 | D:4      | 2689 ||| FLEEEEING.
  2690 | D:4      | 2690 ||| FLEEEEING.
  2691 | D:4      | 2691 ||| FLEEEEING.
  2692 | D:4      | 2692 ||| FLEEEEING.
  2693 | D:4      | 2693 ||| FLEEEEING.
  2730 | D:4      | 2730 ||| FLEEEEING.
  2781 | D:4      | 2781 ||| FLEEEEING.
  2787 | D:4      | 2787 ||| FLEEEEING.
  2791 | D:4      | 2791 ||| FLEEEEING.
  2792 | D:4      | 2792 ||| STAIRDANCE
  2842 | D:4      | 2842 ||| STAIRDANCE
  2981 | D:4      | Reached XP level 7. HP: 28/43 MP: 7/7
  3070 | D:4      | Found a runed translucent door.
  3071 | D:4      | Noticed Crazy Yiuf
  3102 | D:4      | Reached skill level 7 in Ranged Weapons
  3504 | D:4      | 3504 ||| READING scroll labelled SEF RASTREAD.
  3641 | D:5      | Entered Level 5 of the Dungeon
  3642 | D:5      | 3642 ||| PLANNING SEWER
  3652 | D:5      | Reached * piety under Okawaru
  3774 | D:5      | Reached skill level 1 in Invocations
  4089 | D:5      | Noticed Duvessa
  4089 | D:5      | Noticed Dowan
  4105 | D:5      | HP: 10/43 [Duvessa/+0 short sword (6)]
  4106 | D:5      | 4106 ||| DRINKING clear potion.
  4106 | D:5      | Gained mutation: Your spells are a little easier to cast,
                  | but a little less powerful. [potion of mutation]
  4106 | D:5      | Gained mutation: You are partially covered in iridescent
                  | scales. (AC +2) [potion of mutation]
  4107 | D:5      | 4107 ||| DRINKING sapphire potion.
  4107 | D:5      | HP: 1/43 [Duvessa/+0 short sword (5)]
  4108 | D:5      | 4108 ||| DRINKING grey potion.
  4109 | D:5      | 4109 ||| DRINKING lumpy orange potion.
  4110 | D:5      | 4110 ||| DRINKING murky inky potion.
  4110 | D:5      | Slain by Duvessa

Levels and vault maps discovered:
D:1:      eino_arrival_water_cross, layout_rooms
D:2:      layout_basic, chequers_serial_rivers_small_3
D:3:      minmay_bubble_buster, layout_basic, lemuel_coloured_pillars_altar,
          amcnicky_altar_gilded, st_stairs_11, uniq_terence
D:4:      layout_basic, minmay_temple_entry_glass, guppyfry_early_orc_mine,
          uniq_crazy_yiuf_cottage
D:5:      layout_cave_pods, cheibrodos_sewer_entry_bend,
          hangedman_decor_clover_reticule, ebering_dispersal_statue_hall,
          uniq_duvessa
Temple:   nicolae_temple_bog_church

Skill      XL: |  1  2  3  4  5  6  7 |
---------------+----------------------+-----
Ranged Weapons | 5 6 7 |  7.6
Fighting       | 3 4 |  4.1
Armour         | 1 2 |  2.6
Invocations    | 2 |  2.3
Dodging        | |  1.5
Stealth        | |  1.1

Action                     |  1- 3 |  4- 6 |  7- 9 || total
---------------------------+-------+-------+-------++-------
   Fire: Shortbow          |   106 |   215 |    75 ||   396
    Use: Scroll            |     4 |     4 |     1 ||     9
         Potion            |       |     1 |     5 ||     6
 Armour: Leather armour    |    48 |     6 |       ||    54
         Ring mail         |       |    50 |    49 ||    99
         Skin              |       |       |     3 ||     3
  Dodge: Dodged            |    55 |    58 |    25 ||   138

Table legend:
 A = Non-vault XP
 B = Vault XP
 C = Vault XP percentage of total XP
 D = Non-vault monster count
 E = Vault monster count
 F = Vault count percentage of total count
                 A         B        C        D         E       F
            +---------+---------+-------+---------+---------+-------
      Total |     780 |     199 |  20.3 |      88 |      25 |  22.1
            +---------+---------+-------+---------+---------+-------
        D:1 |      47 |       0 |   0.0 |      26 |       0 |   0.0
        D:2 |      72 |       0 |   0.0 |      18 |       0 |   0.0
        D:3 |      23 |      79 |  77.5 |      13 |      19 |  59.4
        D:4 |     315 |     120 |  27.6 |      19 |       6 |  24.0
        D:5 |     323 |       0 |   0.0 |      12 |       0 |   0.0
            +---------+---------+-------+---------+---------+-------
